 Dungeon Crawl Stone Soup version 0.31-a0-198-g2ad674f65e (webtiles) character file.

Game seed: 5221271675092661837

63 qw the Shooter (level 3, -3/20 HPs)
             Began as a Deep Elf Hunter on June 25, 2023.
             Slain by Natasha (5 damage)
             ... on level 3 of the Dungeon.
             The game lasted 00:00:31 (1041 turns).

qw the Shooter (Deep Elf Hunter)                    Turns: 1041, Time: 00:00:31

Health: -3/20      AC:  5    Str: 10    XL:     3   Next: 87%
Magic:  5/5        EV: 11    Int: 13    God:
Gold:   74         SH:  0    Dex: 18    Spells: 2/2 levels left

rFire   . . .        Y - +0 shortbow
rCold   . . .        (shield currently unavailable)
rNeg    . . .        e - +0 ring mail
rPois   .            (no helmet)
rElec   .            (no cloak)
rCorr   .            (no gloves)
SInv    .            (no boots)
Will    .....        (no amulet)
Stlth   +            (no ring)
HPRegen 0.23/turn    (no ring)
MPRegen 0.09/turn

%: no passive effects
@: about to teleport
A: no striking features
a: no special abilities


You were on level 3 of the Dungeon.
You visited 1 branch of the dungeon, and saw 3 of its levels.

You collected 74 gold pieces.


   Skills:
 - Level 1.5 Fighting
 + Level 7.3 Ranged Weapons
 - Level 2.4 Dodging
 - Level 1.2 Stealth


You had 2 spell levels left.
You didn't know any spells.
Your spell library was empty.

Inventory:

Hand Weapons
 Y - a +0 shortbow (weapon)
Armour
 e - a +0 ring mail (worn)
Potions
 d - a potion of curing {unknown}
 f - a potion of cancellation {unknown}
 g - a potion of heal wounds {unknown}

Dungeon Overview and Level Annotations

Branches:
Dungeon (3/15)

Altars:

Shops:
D:2 (

Annotations:
D:3 Natasha


Message History

The hobgoblin is moderately wounded.
You shoot an arrow.
The arrow hits the hobgoblin but does no damage.
The hobgoblin is moderately wounded.
Natasha casts a spell.
You shoot an arrow. The arrow hits the hobgoblin.
The hobgoblin is severely wounded.
You shoot an arrow. The arrow barely misses the hobgoblin.
The arrow hits Natasha.
Natasha is moderately wounded.
Natasha mumbles some strange words.
The hobgoblin closely misses you.
Natasha casts a spell.
You shoot an arrow. The arrow hits the hobgoblin.
The hobgoblin is almost dead.
The hobgoblin hits you. The cerulean imp barely misses you.
The cerulean imp closely misses you.
You shoot an arrow.
The arrow hits the hobgoblin but does no damage.
The hobgoblin is almost dead.
The cerulean imp hits you but does no damage.
The hobgoblin barely misses you.
The cerulean imp hits you but does no damage.
The cerulean imp closely misses you.
You shoot an arrow. The arrow hits the hobgoblin!
You kill the hobgoblin!
The cerulean imp completely misses you.
The cerulean imp hits you but does no damage.
The cerulean imp hits you from afar with a +2 spear.
The cerulean imp hits you from afar with a +0 spear.
Natasha mumbles some strange words.
Natasha shimmers violently.
Natasha claws you!
1041 ||| READING scroll of teleportation.
As you read the scroll of teleportation, it crumbles to dust.
You feel strangely unstable.
The cerulean imp hits you from afar with a +2 spear.
The cerulean imp hits you but does no damage.
Natasha claws you.
You die...

#...###..# #...
#.#.%....###.##
#...##.#.....#
##.###.#######
#...#.#
#######.#.#.#
##.....).#.#.#
..##.)..........#
.....5h@...........
......5.##.........
......5.##.##(##...
..#........# .# ..
. #.######.# .# .
#. #.# .# # .#


You could see Natasha and 3 cerulean imps.

Vanquished Creatures
  A gnoll (D:1)
  A worm (D:1)
  A dart slug (D:1)
  6 endoplasms
  2 giant cockroaches
  6 goblins
  7 hobgoblins
  3 jackals (D:2)
  3 quokkas
  A ball python (D:1)
  5 bats
  A frilled lizard (D:1)
  2 kobolds
  A rat (D:2)
40 creatures vanquished.

Notes
Turn   | Place    | Note
-------+----------+-------------------------------------------
     0 | D:1      | qw the Deep Elf Hunter began the quest for the Orb.
     0 | D:1      | Reached XP level 1. HP: 12/12 MP: 3/3
     0 | D:1      | 0 ||| qw: Version: 0.3-a-22-g0ed2b0b
     0 | D:1      | 0 ||| qw: Game counter: 5376
     0 | D:1      | 0 ||| qw: Melee chars always use a shield: true
     0 | D:1      | 0 ||| qw: God list: Okawaru
     0 | D:1      | 0 ||| qw: Allow faded altars: false
     0 | D:1      | 0 ||| qw: Do Orc after clearing Dungeon:15 true
     0 | D:1      | 0 ||| qw: Do second Lair branch before Depths: true
     0 | D:1      | 0 ||| qw: Lair rune preference: random
     0 | D:1      | 0 ||| qw: Goals: Normal
     0 | D:1      | 0 ||| PLANNING D:1-11
    50 | D:1      | Reached XP level 2. HP: 16/16 MP: 4/4
    83 | D:1      | Reached skill level 6 in Ranged Weapons
   222 | D:1      | Reached XP level 3. HP: 16/20 MP: 5/5
   443 | D:1      | 443 ||| READING scroll labelled VUUBOI YSEDU.
   444 | D:1      | 444 ||| READING scroll labelled HIAHETHR TUOGG.
   445 | D:1      | 445 ||| READING scroll labelled OLEPAAFASU.
   446 | D:1      | 446 ||| DROPPING scroll of butterflies.
   539 | D:2      | Reached skill level 7 in Ranged Weapons
   652 | D:2      | Found Vodd's Antique Weapon Boutique.
   671 | D:2      | 671 ||| UPGRADING to +0 ring mail.
   681 | D:2      | 681 ||| DROPPING +0 leather armour.
   945 | D:2      | 945 ||| READING scroll labelled GAGRAER BELUOD.
   946 | D:2      | 946 ||| READING scroll labelled JUOPUI HIEXKAU.
   947 | D:2      | 947 ||| READING 2 scrolls labelled JULEMOMEUNK.
  1032 | D:3      | Noticed Natasha
  1040 | D:3      | HP: 5/20 [Natasha (7)]
  1041 | D:3      | 1041 ||| READING scroll of teleportation.
  1041 | D:3      | HP: 2/20 [cerulean imp/+2 spear[Natasha] (3)]
  1041 | D:3      | Slain by Natasha

Levels and vault maps discovered:
D:1:      amcnicky_arrival_single_pillar, layout_rooms, nicolae_wormholes
D:2:      layout_basic, serial_shops, shop
D:3:      layout_loops_cross, uniq_natasha

Skill      XL: |  1  2  3 |
---------------+----------+-----
Ranged Weapons | 6 7 |  7.3
Fighting       | |  1.5
Dodging        | |  2.4
Stealth        | |  1.2

Action                     || total
---------------------------++-------
   Fire: Shortbow          ||   113
    Use: Scroll            ||     7
 Armour: Ring mail         ||     7
         Leather armour    ||     3
  Dodge: Dodged            ||    32

Table legend:
 A = Non-vault XP
 B = Vault XP
 C = Vault XP percentage of total XP
 D = Non-vault monster count
 E = Vault monster count
 F = Vault count percentage of total count
                 A         B        C        D         E       F
            +---------+---------+-------+---------+---------+-------
      Total |      85 |       5 |   5.6 |      39 |       1 |   2.5
            +---------+---------+-------+---------+---------+-------
        D:1 |      50 |       5 |   9.1 |      20 |       1 |   4.8
        D:2 |      27 |       0 |   0.0 |      15 |       0 |   0.0
        D:3 |       8 |       0 |   0.0 |       4 |       0 |   0.0
            +---------+---------+-------+---------+---------+-------
